| TOP OF THE 1ST |
|
Durham Bulls batting - Pitching for Omaha Storm Chasers : RHP Ken Hall
|
|
Pitching: RHP Ken Hall
|
|
|
Batting: SHB Joey Pacheco
|
0-0: Called Strike 0-1: Ball 1-1: Hit by Pitch
|
|
Batting: RHB Alex Diaz
|
0-0: Ball 1-0: SINGLE (Flyball, 6D, EV 95.6 MPH) Joey Pacheco to second
|
|
Batting: RHB David Ward
|
0-0: Foul Ball, location: 2F 0-1: Ball 1-1: Ball 2-1: Called Strike 2-2: Fly out, F8 (Flyball, 8LD, EV 79.4 MPH)
|
|
Batting: LHB Davion Lewis
|
0-0: Ball 1-0: Grounds into double play, 4-6-3 (Groundball, 4S, EV 83.1 MPH)
|
| Top of the 1st over - 0 runs, 1 hit, 0 errors, 1 left on base; Durham 0 - Omaha 0 |
| BOTTOM OF THE 1ST |
|
Omaha Storm Chasers batting - Pitching for Durham Bulls : LHP Chris Ross
|
|
Pitching: LHP Chris Ross
|
|
|
Batting: RHB Walt Cogswell
|
0-0: Ball 1-0: Ball 2-0: Foul Ball, location: 2F 2-1: Ball 3-1: Base on Balls
|
|
Batting: RHB Taisei Fujii
|
0-0: Called Strike 0-1: Ball 1-1: Ball 2-1: Foul Ball, location: 2F 2-2: Fly out, F7 (Flyball, 7D, EV 109.4 MPH) Runner from 1st tags up, SAFE at 2nd
|
|
Batting: LHB Jim Pankratz
|
0-0: Ground out 6-3 (Groundball, 56, EV 85.6 MPH)
|
|
Batting: LHB Shigeru Ono
|
0-0: 2-RUN HOME RUN (Flyball, 78XD, EV 106.2 MPH), Distance : 421 ft
|
|
Batting: RHB Ken Postlethwaite
|
0-0: Called Strike 0-1: Ball 1-1: Ground out 6-3 (Groundball, 6, EV 84.4 MPH)
|
| Bottom of the 1st over - 2 runs, 1 hit, 0 errors, 0 left on base; Durham 0 - Omaha 2 |
| TOP OF THE 2ND |
|
Durham Bulls batting - Pitching for Omaha Storm Chasers : RHP Ken Hall
|
|
Batting: RHB Jose Arriola
|
0-0: Ball 1-0: Ball 2-0: Ground out U3 (Groundball, 3, EV 111.9 MPH)
|
|
Batting: RHB Danny Diaz
|
0-0: Fly out, F9 (Flyball, 89M, EV 80.6 MPH)
|
|
Batting: LHB Jake Rheaume
|
0-0: Ball 1-0: Foul Ball, location: 2F 1-1: Foul Ball, location: 2F 1-2: Strikes out swinging
|
| Top of the 2nd over - 0 runs, 0 hits, 0 errors, 0 left on base; Durham 0 - Omaha 2 |
| BOTTOM OF THE 2ND |
|
Omaha Storm Chasers batting - Pitching for Durham Bulls : LHP Chris Ross
|
|
Batting: LHB Willie Gutierrez
|
0-0: Ground out 4-3 (Groundball, 4, EV 82.5 MPH)
|
|
Batting: RHB Yuichi Takata
|
0-0: Called Strike 0-1: Called Strike 0-2: Ball 1-2: Ball 2-2: Fly out, F8 (Flyball, 8LD, EV 103.8 MPH)
|
|
Batting: SHB Arturo Baez
|
0-0: Swinging Strike 0-1: Swinging Strike 0-2: Ball 1-2: Strikes out swinging
|
| Bottom of the 2nd over - 0 runs, 0 hits, 0 errors, 0 left on base; Durham 0 - Omaha 2 |
| TOP OF THE 3RD |
|
Durham Bulls batting - Pitching for Omaha Storm Chasers : RHP Ken Hall
|
|
Batting: RHB Sesto Carpini
|
0-0: Ball 1-0: Ball 2-0: Swinging Strike 2-1: Called Strike 2-2: Ball 3-2: Strikes out looking
|
|
Batting: RHB Antonio Pacheco
|
0-0: Called Strike 0-1: SINGLE (Line Drive, 9S, EV 90.0 MPH)
|
|
Batting: SHB Joey Pacheco
|
0-0: Foul Ball, location: 2F 0-1: Foul Ball, location: 2F 0-2: Strikes out looking
|
|
Batting: RHB Alex Diaz
|
0-0: Ball Antonio Pacheco steals 2nd base (no throw) 1-0: Called Strike 1-1: Ball 2-1: Foul Ball, location: 2F 2-2: Foul Ball, location: 2F 2-2: Ball 3-2: Strikes out looking
|
| Top of the 3rd over - 0 runs, 1 hit, 0 errors, 1 left on base; Durham 0 - Omaha 2 |
| BOTTOM OF THE 3RD |
|
Omaha Storm Chasers batting - Pitching for Durham Bulls : LHP Chris Ross
|
|
Batting: RHB Kevin Roseen
|
0-0: SINGLE (Groundball, 6D, EV 109.4 MPH)
|
|
Batting: RHB Walt Cogswell
|
0-0: Grounds into double play, 5-4-3 (Groundball, 56, EV 103.8 MPH)
|
|
Batting: RHB Taisei Fujii
|
0-0: Called Strike 0-1: Ball 1-1: Ball 2-1: Fly out, F8 (Flyball, 8RM, EV 89.4 MPH)
|
| Bottom of the 3rd over - 0 runs, 1 hit, 0 errors, 0 left on base; Durham 0 - Omaha 2 |
| TOP OF THE 4TH |
|
Durham Bulls batting - Pitching for Omaha Storm Chasers : RHP Ken Hall
|
|
Batting: RHB David Ward
|
0-0: Ball 1-0: Swinging Strike 1-1: Foul Ball, location: 2F 1-2: Ball 2-2: Foul Ball, location: 2F 2-2: Strikes out looking
|
|
Batting: LHB Davion Lewis
|
0-0: Foul Ball, location: 2F 0-1: Ball 1-1: Swinging Strike 1-2: Strikes out looking
|
|
Batting: RHB Jose Arriola
|
0-0: Ball 1-0: Ground out 5-3 (Groundball, 5, EV 76.9 MPH)
|
| Top of the 4th over - 0 runs, 0 hits, 0 errors, 0 left on base; Durham 0 - Omaha 2 |
| BOTTOM OF THE 4TH |
|
Omaha Storm Chasers batting - Pitching for Durham Bulls : LHP Chris Ross
|
|
Batting: LHB Jim Pankratz
|
0-0: Ball 1-0: Swinging Strike 1-1: Foul Ball, location: 2F 1-2: Ball 2-2: Fly out, F8 (Flyball, 8RD, EV 96.2 MPH)
|
|
Batting: LHB Shigeru Ono
|
0-0: Ball 1-0: Foul Ball, location: 2F 1-1: Fly out, F7 (Flyball, 7S, EV 79.4 MPH)
|
|
Batting: RHB Ken Postlethwaite
|
0-0: Swinging Strike 0-1: Ball 1-1: Ball 2-1: Foul Ball, location: 2F 2-2: Strikes out swinging
|
| Bottom of the 4th over - 0 runs, 0 hits, 0 errors, 0 left on base; Durham 0 - Omaha 2 |
| TOP OF THE 5TH |
|
Durham Bulls batting - Pitching for Omaha Storm Chasers : RHP Ken Hall
|
|
Batting: RHB Danny Diaz
|
0-0: Ball 1-0: Ball 2-0: Called Strike 2-1: Swinging Strike 2-2: Foul Ball, location: 2F 2-2: Ball 3-2: Ground out 5-3 (Groundball, 5, EV 103.8 MPH)
|
|
Batting: LHB Jake Rheaume
|
0-0: Ball 1-0: Ground out 4-3 (Groundball, 4, EV 85.6 MPH)
|
|
Batting: RHB Sesto Carpini
|
0-0: DOUBLE (Line Drive, 3D, EV 103.1 MPH)
|
|
Batting: RHB Antonio Pacheco
|
0-0: Swinging Strike 0-1: Fly out, F8 (Line Drive, 89M, EV 89.4 MPH)
|
| Top of the 5th over - 0 runs, 1 hit, 0 errors, 1 left on base; Durham 0 - Omaha 2 |
| BOTTOM OF THE 5TH |
|
Omaha Storm Chasers batting - Pitching for Durham Bulls : LHP Chris Ross
|
|
Batting: LHB Willie Gutierrez
|
0-0: Fly out, F7 (Flyball, 7S, EV 84.4 MPH)
|
|
Batting: RHB Yuichi Takata
|
0-0: Called Strike 0-1: Ball 1-1: Foul Ball, location: 2F 1-2: Strikes out swinging
|
|
Batting: SHB Arturo Baez
|
0-0: Ball 1-0: Ground out 4-3 (Groundball, 13, EV 87.5 MPH)
|
| Bottom of the 5th over - 0 runs, 0 hits, 0 errors, 0 left on base; Durham 0 - Omaha 2 |
| TOP OF THE 6TH |
|
Durham Bulls batting - Pitching for Omaha Storm Chasers : RHP Ken Hall
|
|
Batting: SHB Joey Pacheco
|
0-0: Ball 1-0: Called Strike 1-1: Ground out 4-3 (Groundball, 34D, EV 106.9 MPH)
|
|
Batting: RHB Alex Diaz
|
0-0: Called Strike 0-1: Ball 1-1: Fly out, F8 (Flyball, 8RM, EV 76.2 MPH)
|
|
Batting: RHB David Ward
|
0-0: Called Strike 0-1: Foul Ball, location: 2F 0-2: Foul Ball, location: 2F 0-2: Strikes out swinging
|
| Top of the 6th over - 0 runs, 0 hits, 0 errors, 0 left on base; Durham 0 - Omaha 2 |
| BOTTOM OF THE 6TH |
|
Omaha Storm Chasers batting - Pitching for Durham Bulls : LHP Chris Ross
|
|
Batting: RHB Kevin Roseen
|
0-0: Called Strike 0-1: Ball 1-1: SINGLE (Groundball, 6MD, EV 94.4 MPH)
|
|
Batting: RHB Walt Cogswell
|
0-0: Ball 1-0: Ball 2-0: Called Strike 2-1: Fly out, F8 (Flyball, 8LD, EV 89.4 MPH)
|
|
Batting: RHB Taisei Fujii
|
0-0: Ball 1-0: Ball 2-0: Called Strike 2-1: SINGLE (Flyball, 3D, EV 90.0 MPH) Kevin Roseen to second Runner from 2nd tries for 3rd, SAFE, throw by RF made to third
|
|
Batting: LHB Jim Pankratz
|
0-0: Foul Ball, location: 2F 0-1: Ball 1-1: Ball 2-1: Called Strike 2-2: Fielders Choice at 2nd, 6-4 (Groundball, 56, EV 86.2 MPH) Kevin Roseen scores
|
|
Batting: LHB Shigeru Ono
|
0-0: Ball 1-0: Ball 2-0: Swinging Strike 2-1: Foul Ball, location: 2F 2-2: Ball 3-2: Foul Ball, location: 2F 3-2: Strikes out swinging
|
| Bottom of the 6th over - 1 run, 2 hits, 0 errors, 1 left on base; Durham 0 - Omaha 3 |
| TOP OF THE 7TH |
|
Durham Bulls batting - Pitching for Omaha Storm Chasers : RHP Ken Hall
|
|
Batting: LHB Davion Lewis
|
0-0: Ball 1-0: Ball 2-0: Swinging Strike 2-1: Ball 3-1: Base on Balls
|
|
Batting: RHB Jose Arriola
|
0-0: Called Strike 0-1: Ball 1-1: Foul Ball, location: 2F 1-2: Ball 2-2: Fielders Choice at 2nd, 6-4 (Groundball, 56, EV 100.0 MPH)
|
|
Batting: RHB Danny Diaz
|
0-0: Ball 1-0: Called Strike 1-1: Ball 2-1: Fielders Choice at 2nd, 2-4 (Groundball, 2L, EV 71.2 MPH)
|
|
Batting: LHB Jake Rheaume
|
0-0: Ball 1-0: Called Strike 1-1: Ground out U3 (Groundball, 3, EV 86.2 MPH)
|
| Top of the 7th over - 0 runs, 0 hits, 0 errors, 1 left on base; Durham 0 - Omaha 3 |
| BOTTOM OF THE 7TH |
|
Omaha Storm Chasers batting - Pitching for Durham Bulls : LHP Chris Ross
|
|
Batting: RHB Ken Postlethwaite
|
0-0: Ball 1-0: Swinging Strike 1-1: Swinging Strike 1-2: Foul Ball, location: 2F 1-2: Strikes out swinging
|
|
Batting: LHB Willie Gutierrez
|
0-0: Foul Ball, location: 2F 0-1: Called Strike 0-2: Ball 1-2: SINGLE (Line Drive, 3L, EV 94.4 MPH)
|
|
Batting: RHB Yuichi Takata
|
0-0: Called Strike 0-1: Ball Willie Gutierrez steals 2nd base 1-1: Ball 2-1: Called Strike 2-2: Ground out 5-3 (Groundball, 56, EV 100.6 MPH)
|
|
Batting: SHB Arturo Baez
|
0-0: Called Strike 0-1: Foul Ball, location: 2F 0-2: Ball 1-2: Strikes out swinging
|
| Bottom of the 7th over - 0 runs, 1 hit, 0 errors, 1 left on base; Durham 0 - Omaha 3 |
| TOP OF THE 8TH |
|
Durham Bulls batting - Pitching for Omaha Storm Chasers : RHP Ken Hall
|
|
Batting: RHB Sesto Carpini
|
0-0: Ball 1-0: Foul Ball, location: 2F 1-1: SINGLE (Groundball, 4MD, EV 101.9 MPH)
|
|
Batting: RHB Antonio Pacheco
|
0-0: Foul Ball, location: 2F 0-1: Ball 1-1: Fly out, F7 (Flyball, 7D, EV 91.9 MPH)
|
|
Batting: SHB Joey Pacheco
|
0-0: Ball 1-0: Ball 2-0: Called Strike 2-1: Ball 3-1: Foul Ball, location: 2F 3-2: Fly out, F7 (Flyball, 7, EV 93.1 MPH)
|
|
Pitching: RHP Joe Noonan
|
|
|
Batting: RHB Alex Diaz
|
0-0: Foul Ball, location: 2F 0-1: Ball 1-1: Swinging Strike 1-2: Foul Ball, location: 2F 1-2: SINGLE (Groundball, 6M, EV 105.6 MPH) Sesto Carpini to second
|
|
Batting: RHB David Ward
|
0-0: Ball 1-0: Ball 2-0: Fly out, F7 (Line Drive, 7S, EV 108.1 MPH)
|
| Top of the 8th over - 0 runs, 2 hits, 0 errors, 2 left on base; Durham 0 - Omaha 3 |
| BOTTOM OF THE 8TH |
|
Omaha Storm Chasers batting - Pitching for Durham Bulls : LHP Chris Ross
|
|
Batting: RHB Kevin Roseen
|
0-0: Ball 1-0: DOUBLE (Line Drive, 7LS, EV 111.9 MPH)
|
|
Batting: RHB Walt Cogswell
|
0-0: Ball 1-0: Foul Ball, location: 2F 1-1: Swinging Strike 1-2: Ball 2-2: Foul Ball, location: 2F 2-2: Fly out, F8 (Flyball, BS3, EV 101.2 MPH) Runner from 2nd tags up, SAFE at 3rd, no throw by CF
|
|
Batting: RHB Taisei Fujii
|
0-0: SINGLE (Flyball, 78S, EV 91.2 MPH) Kevin Roseen scores
|
|
Batting: LHB Jim Pankratz
|
0-0: Ball 1-0: Ball 2-0: Fielders Choice at 2nd, 6-4 (Groundball, 6M, EV 86.2 MPH)
|
|
Pitching: RHP Al Speer
|
|
|
Batting: LHB Shigeru Ono
|
0-0: Foul Ball, location: 2F 0-1: Ball 1-1: Ball 2-1: SINGLE (Groundball, 34D, EV 100.0 MPH) Jim Pankratz to second Runner from 2nd tries for 3rd, SAFE, throw by RF made to third
|
|
Batting: RHB Ken Postlethwaite
|
0-0: Ball 1-0: Ball 2-0: Ball 3-0: Base on Balls Shigeru Ono to second
|
|
Batting: LHB Willie Gutierrez
|
0-0: Ball 1-0: Swinging Strike 1-1: Foul Ball, location: 2F 1-2: Ball 2-2: Strikes out looking
|
| Bottom of the 8th over - 1 run, 3 hits, 0 errors, 3 left on base; Durham 0 - Omaha 4 |
| TOP OF THE 9TH |
|
Durham Bulls batting - Pitching for Omaha Storm Chasers : RHP Joe Noonan
|
|
Batting: LHB Davion Lewis
|
0-0: Ball 1-0: Foul Ball, location: 2F 1-1: Ball 2-1: Foul Ball, location: 2F 2-2: Strikes out swinging
|
|
Batting: RHB Jose Arriola
|
0-0: Called Strike 0-1: Foul Ball, location: 2F 0-2: Ground out 4-3 (Groundball, 4S, EV 78.8 MPH)
|
|
Batting: RHB Danny Diaz
|
0-0: Called Strike 0-1: Swinging Strike 0-2: Strikes out swinging
|
| Top of the 9th over - 0 runs, 0 hits, 0 errors, 0 left on base; Durham 0 - Omaha 4 |
|